 Dungeon Sprint DCSS version 0.21-a0-297-ga3d34c2 (webtiles) character file.

49482 Kidiri the Sorcerer (level 13, -10/82 HPs)
             Began as a Deep Elf Fire Elementalist on Sept 28, 2017.
             Was the Champion of Vehumet.
             Killed from afar by Sigmund (69 damage)
             ... with a bolt of fire
             ... in the Dungeon (Sprint III: "The Ten Rune Challenge").
             The game lasted 00:28:43 (6403 turns).

Kidiri the Sorcerer (Deep Elf Fire Elementalist)    Turns: 6403, Time: 00:28:44

Health: -10/82     AC:  4    Str:  5    XL:     13   Next: 53%
Magic:  41/50      EV: 17    Int: 43    God:    Vehumet [******]
Gold:   2597       SH:  4    Dex: 13    Spells: 1/57 levels left

rFire    x . .     SeeInvis .   z - +0 dagger (venom)
rCold    + . .     Gourm    .   (no shield)
rNeg     . . .     Faith    .   a - +2 robe {rPois}
rPois    +         Spirit   .   y - +0 hat {Int+3}
rElec    .         Reflect  +   (no cloak)
rCorr    .         Harm     .   (no gloves)
MR       +++..     NoTele   +   (no boots)
Stlth    ++........             C - +4 amulet of reflection
HPRegen  0.23/turn              t - ring "Sofif" {+Inv MR+ MP+9 Int+4}
MPRegen  0.32/turn              B - ring of Truth {Ice *Contam MR+ Int+10}

@: lethally poisoned (-10 -> -17), slowed, heavily drained, very slow
A: blink, clumsy 1
}: 1/10 runes: serpentine
a: Blink, Renounce Religion, Evoke Invisibility


You were in the Dungeon.
You worshipped Vehumet.
Vehumet was exalted by your worship.
You were not hungry.

You visited 1 branch You collected 3840 gold pieces.
You spent 1243 gold pieces at shops.

Inventory:

Hand Weapons
 z - a +0 dagger of venom (weapon)
Armour
 a - a +2 robe of poison resistance (worn)
 y - a +0 hat of intelligence (worn)
Jewellery
 e - an uncursed ring of resist corrosion
 t - the ring "Sofif" (left hand) {+Inv MR+ MP+9 Int+4}
   (You found it in the Dungeon)

   [ring of magical power]

   It affects your intelligence (+4).
   It affects your resistance to hostile enchantments.
   It affects your magic capacity (+9).
   It lets you turn invisible.
 B - the ring of Truth (right hand) {Ice *Contam MR+ Int+10}
   (You bought it in a shop in the Dungeon)

   [ring of ice]

   It enhances your ice magic.
   It affects your intelligence (+10).
   It makes you vulnerable to fire.
   It protects you from cold.
   It affects your resistance to hostile enchantments.
   It causes magical contamination when unequipped.
 C - a +4 amulet of reflection (around neck)
 E - an uncursed ring of resist corrosion
Wands
 b - a wand of digging (13/24)
 m - a wand of iceblast (6/15)
 x - a wand of disintegration (14/24)
 Q - a wand of clouds (4/9)
Scrolls
 i - a scroll of blinking
 j - 2 scrolls of remove curse
 l - a scroll of immolation
 q - a scroll of holy word {unknown}
 v - 7 scrolls of amnesia {unknown}
 w - 2 scrolls of recharging {unknown}
 A - a scroll of fear {unknown}
 I - a scroll of silence {unknown}
Potions
 d - a potion of brilliance
 f - 4 potions of curing
 g - a potion of magic
 h - 2 potions of berserk rage
 k - 3 potions of mutation
 o - a potion of agility
 p - 3 potions of flight
 r - 3 potions of haste
Books
 S - a book of the Tempests

   Spells                             Type                      Level
   a - Static Discharge               Conjuration/Air              3
   b - Lightning Bolt                 Conjuration/Air              5
   c - Ignition                       Fire                         8
   d - Tornado                        Air                          9
   e - Shatter                        Earth                        9
Comestibles
 c - a bread ration
 n - 2 meat rations
 s - 25 royal jellies


   Skills:
 + Level 9.9(7.9) Fighting
 - Level 9.1(7.2) Short Blades
 + Level 9.9(7.9) Armour
 - Level 11.3(9.2) Dodging
 - Level 2.4(0.8) Stealth
 * Level 22.7(20.0) Spellcasting
 + Level 14.7(12.4) Conjurations
 + Level 14.8(12.6) Fire Magic
 + Level 11.8(9.7) Ice Magic
 + Level 7.5(5.6) Air Magic
 + Level 9.5(7.6) Earth Magic


You had one spell level left.
You knew the following spells:

 Your Spells              Type           Power        Failure   Level  Hunger
a - Flame Tongue          Conj/Fire      #####        0%          1    None
b - Throw Flame           Conj/Fire      ######       0%          2    None
c - Conjure Flame         Conj/Fire      ########     0%          3    None
d - Inner Flame           Hex/Fire       #######.     1%          3    None
e - Sticky Flame          Conj/Fire      ########     1%          4    None
f - Fireball              Conj/Fire      ########..   1%          5    None
g - Bolt of Magma         Conj/Fire/Erth #######...   1%          5    None
h - Bolt of Fire          Conj/Fire      ########..   1%          6    None
i - Throw Frost           Conj/Ice       ######       0%          2    None
j - Throw Icicle          Conj/Ice       ########     1%          4    None
k - Freezing Cloud        Conj/Ice/Air   ########..   1%          6    None
l - Iron Shot             Conj/Erth      #######...   1%          6    None
m - Fire Storm            Conj/Fire      ########..   45%         9    ####...


Dungeon Overview and Level Annotations

Branches:
Dungeon (1/1)

Altars:
Cheibriados
Dithmenos
Elyvilon
Fedhas
Gozag
Hepliaklqana
Kikubaaqudgha
Makhleb
Nemelex Xobeh
Okawaru
Qazlal
Ru
Sif Muna
Trog
Uskayaw
Vehumet
Wu Jian
Xom
Yredelemnul
Zin
The Shining One
Beogh
Jiyva
Lugonu

Shops:
D (=!=

Annotations:
D exclusion: 4 doors, Edmund, Sigmund


Innate Abilities, Weirdness & Mutations

You can translocate small distances at will.
You are clumsy. (Dex -2)


Message History

The curare-tipped needle hits you.
You have difficulty breathing.
You feel yourself slow down.
Sigmund is engulfed in freezing vapours.
Sigmund mumbles some strange words.
Sigmund flickers and vanishes!
Deactivating autopickup; reactivate with Ctrl-A.
Casting: Freezing Cloud
Confirm with . or Enter, or press ? or * to list all spells.
Aiming: Conjure Flame
Press: ? - help, Dir - move target cursor The fire ignites!
Edmund is engulfed in freezing vapours.
Edmund shoots a curare-tipped needle.
The curare-tipped needle hits you.
You are poisoned.
You have difficulty breathing.
You feel as though you will be slow longer.
You hear some strange, mumbled words.
A bolt of fire appears from out of thin air!
The bolt of fire hits you! The fire burns you terribly!
Ouch! That really hurt!
You die...

#+###########################
#.§§§§§.#.'...'.#.#.#.+...≈≈#
#.#≈§≈#§#.#...##.#.#.##...≈≈###
'.#[§§#.#.#.).#.#.#.#.#...≈≈≈≈#
#.#..§#...#...##.#.#.##...≈≈≈≈#
▓▓▓▓▓▓▓▓▓▓▓▓▓▓#.#.#.#.#.......#
........≈≈≈...##.#.#.##.......#
≈≈≈≈≈≈≈≈≈≈♣♣P.+.#.#.#.#.......#
♣♣♣♣♣♣♣♣♣♣♣♣..##@#.#.##########
♣♣.##§##### ♣♣ ♣♣.#.{§ .##
#..#§§§# #.# #[.#§§@# (##+
##+##### ...# #.)# ####


You could see Edmund.

Vanquished Creatures
  Rupert (D)
  A deep elf master archer (D)
  Gastronok (D)
  A nagaraja (D)
  2 deep elf demonologists (D)
  2 dire elephants (D)
  A deep elf annihilator (D)
  A deep elf death mage (D)
  A deep elf high priest (D)
  A naga warrior (D)
  3 anacondas (D)
  A centaur warrior (D)
  Erica (D)
  4 death yaks (D)
  Urug (D)
  A deep elf knight (D)
  An unseen horror (D)
  A lindwurm (D)
  An orc knight (D)
  An orc sorcerer (D)
  6 deep elf magi (D)
  2 elephants (D)
  8 black mambas (D)
  A guardian serpent (D)
  2 spiny frogs (D)
  A komodo dragon (D)
  A rime drake (D)
  3 wandering mushrooms (D)
  2 tyrant leeches (D)
  A queen bee (D)
  8 blink frogs (D)
  A shadow (D)
  3 redbacks (D)
  A spatial vortex (D)
  2 nagas (D)
  5 water moccasins (D)
  A swamp drake (D)
  5 orc warriors (D)
  A fire dragon simulacrum (D)
  A black mamba simulacrum (D)
  A necrophage (D)
  2 centaurs (D)
  A water elemental (D)
  32 killer bees (D)
  A jelly (D)
  2 orc priests (D)
  2 orc wizards (D)
  Jessica (D)
  A wizard (D)
  A necromancer (D)
  A polar bear simulacrum (D)
  A wolf simulacrum (D)
  3 humans (D)
  A kobold demonologist (D)
  2 adders (D)
  2 oozes (D)
  A phantom (D)
  7 orcs (D)
  A rat (D)
  6 plants (D)
151 creatures vanquished.

Vanquished Creatures (others)
  2 draconian scorchers (D)
  6 hellions (D)
  3 yaktaurs (D)
  3 plants (D)
14 creatures vanquished.

Grand Total: 165 creatures vanquished

Notes
Turn   | Place    | Note
-------+----------+-------------------------------------------
     0 | D        | Kidiri the Deep Elf Fire Elementalist began the quest for the Orb.
     0 | D        | Reached XP level 1. HP: 10/10 MP: 6/6
    12 | D        | Reached skill level 4 in Spellcasting
    61 | D        | Killed a hellion
    62 | D        | Killed a hellion
    63 | D        | Killed a hellion
    70 | D        | Killed a yaktaur
    78 | D        | Killed a hellion
    79 | D        | Killed a hellion
    80 | D        | Reached XP level 2. HP: 15/15 MP: 5/9
   104 | D        | Killed a hellion
   128 | D        | Learned a level 2 spell: Throw Flame
   145 | D        | Noticed Jessica
   151 | D        | Killed Jessica
   151 | D        | Reached skill level 6 in Spellcasting
   151 | D        | Reached XP level 3. HP: 3/19 MP: 4/13
   156 | D        | Learned a level 3 spell: Conjure Flame
   160 | D        | Learned a level 3 spell: Inner Flame
   207 | D        | Killed a white draconian scorcher
   225 | D        | Killed a white draconian scorcher
   255 | D        | Killed a yaktaur
   418 | D        | Reached skill level 7 in Spellcasting
   418 | D        | Reached skill level 5 in Fire Magic
   575 | D        | Gained mutation: Your flesh is cold resistant. (rC+) [potion of mutation]
   575 | D        | Gained mutation: You are somewhat resistant to further mutation. [potion of mutation]
   576 | D        | Lost mutation: You are somewhat resistant to further mutation. [potion of mutation]
   576 | D        | Gained mutation: You can translocate small distances at will. [potion of mutation]
   576 | D        | Gained mutation: You evolve. [potion of mutation]
   585 | D        | Noticed a water elemental
   589 | D        | Killed a water elemental
   589 | D        | Reached skill level 9 in Spellcasting
   589 | D        | Reached skill level 5 in Conjurations
   589 | D        | Reached XP level 4. HP: 6/24 MP: 6/17
   595 | D        | Learned a level 4 spell: Sticky Flame
   869 | D        | Found a radiant altar of Vehumet.
   870 | D        | Found a deep blue altar of Sif Muna.
   870 | D        | Found an ancient bone altar of Kikubaaqudgha.
   870 | D        | Noticed a wizard
   871 | D        | Killed a wizard
   871 | D        | Reached XP level 5. HP: 28/28 MP: 14/19
   875 | D        | Reached skill level 10 in Spellcasting
   888 | D        | Learned a level 5 spell: Fireball
   898 | D        | Became a worshipper of Vehumet
   989 | D        | Found a glowing silver altar of Zin.
   990 | D        | Found a glowing golden altar of the Shining One.
   990 | D        | Found a white marble altar of Elyvilon.
   990 | D        | Noticed a deep elf mage
   996 | D        | Noticed an ice beast
  1001 | D        | Killed a deep elf mage
  1001 | D        | Reached skill level 13 in Spellcasting
  1001 | D        | Reached XP level 6. HP: 25/32 MP: 9/24
  1001 | D        | Reached XP level 7. HP: 28/36 MP: 9/26
  1084 | D        | Found an ornate altar of the Wu Jian Council.
  1084 | D        | Found a roughly hewn altar of Beogh.
  1084 | D        | Found an iron altar of Okawaru.
  1084 | D        | Found a bloodstained altar of Trog.
  1084 | D        | Found a hide-covered altar of Uskayaw.
  1084 | D        | Noticed a human
  1086 | D        | Noticed a human
  1092 | D        | Killed a human
  1092 | D        | Reached skill level 1 in Fighting
  1092 | D        | Reached skill level 1 in Short Blades
  1092 | D        | Reached skill level 1 in Armour
  1092 | D        | Reached skill level 14 in Spellcasting
  1095 | D        | Killed a human
  1095 | D        | Reached * piety under Vehumet
  1095 | D        | Offered knowledge of Magic Dart by Vehumet.
  1250 | D        | Found a basalt altar of Yredelemnul.
  1250 | D        | Found a shadowy altar of Dithmenos.
  1250 | D        | Found a sacrificial altar of Ru.
  1404 | D        | Noticed a shadow
  1406 | D        | Killed a shadow
  1406 | D        | Offered knowledge of Shock by Vehumet.
  1406 | D        | Reached ** piety under Vehumet
  1406 | D        | Reached XP level 8. HP: 21/45 MP: 21/28
  1422 | D        | Found a blossoming altar of Fedhas.
  1422 | D        | Found a stormy altar of Qazlal.
  1422 | D        | Found a snail-covered altar of Cheibriados.
  1422 | D        | Found a burning altar of Makhleb.
  1422 | D        | Found a shimmering altar of Xom.
  1567 | D        | Found a hazy altar of Hepliaklqana.
  1567 | D        | Found an opulent altar of Gozag.
  1567 | D        | Found a sparkling altar of Nemelex Xobeh.
  1567 | D        | Found a corrupted altar of Lugonu.
  1567 | D        | Found a viscous altar of Jiyva.
  1688 | D        | Noticed Erica
  1692 | D        | Killed Erica
  1692 | D        | Offered knowledge of Throw Frost by Vehumet.
  1692 | D        | Reached skill level 15 in Spellcasting
  1692 | D        | Reached skill level 10 in Fire Magic
  1697 | D        | Learned a level 2 spell: Throw Frost
  1805 | D        | Lost mutation: Your flesh is cold resistant. (rC+) [evolution]
  1861 | D        | Noticed a centaur warrior
  1865 | D        | Reached *** piety under Vehumet
  1868 | D        | Reached skill level 1 in Ice Magic
  1868 | D        | Reached XP level 9. HP: 17/52 MP: 18/30
  1868 | D        | HP: 2/52 [centaur warrior (15)]
  1869 | D        | Killed a centaur warrior
  1869 | D        | Offered knowledge of Throw Icicle by Vehumet.
  1869 | D        | Reached skill level 5 in Short Blades
  1869 | D        | Reached skill level 16 in Spellcasting
  1869 | D        | Reached skill level 10 in Conjurations
  1875 | D        | Learned a level 4 spell: Throw Icicle
  2167 | D        | Noticed an unseen horror
  2172 | D        | Killed an unseen horror
  2332 | D        | Noticed a queen bee
  2336 | D        | Killed a queen bee
  2336 | D        | Reached **** piety under Vehumet
  2336 | D        | Offered knowledge of Static Discharge by Vehumet.
  2336 | D        | Reached ***** piety under Vehumet
  2352 | D        | Reached skill level 17 in Spellcasting
  2352 | D        | Reached skill level 5 in Fighting
  2352 | D        | Reached skill level 5 in Armour
  2352 | D        | Reached XP level 10. HP: 59/59 MP: 14/33
  2352 | D        | Reached ****** piety under Vehumet
  2354 | D        | Reached skill level 5 in Ice Magic
  2500 | D        | Offered knowledge of Bolt of Fire by Vehumet.
  2508 | D        | Learned a level 6 spell: Bolt of Fire
  2541 | D        | Noticed a spiny frog
  2541 | D        | Noticed a spiny frog
  2543 | D        | Killed a spiny frog
  2544 | D        | Killed a spiny frog
  2622 | D        | Reached skill level 18 in Spellcasting
  2650 | D        | Offered knowledge of Bolt of Draining by Vehumet.
  2714 | D        | Noticed a lindwurm
  2718 | D        | Killed a lindwurm
  2796 | D        | Noticed Urug
  2799 | D        | Killed Urug
  2799 | D        | Reached XP level 11. HP: 65/65 MP: 20/35
  2884 | D        | Offered knowledge of Bolt of Magma by Vehumet.
  2896 | D        | Got a clouded pewter ring
  2946 | D        | Identified the ring "Sofif" {+Inv MR+ MP+9 Int+4} (You found it in the Dungeon)
  2987 | D        | Reached skill level 10 in Dodging
  3020 | D        | Learned a level 5 spell: Bolt of Magma
  3021 | D        | Noticed Rupert
  3027 | D        | Killed Rupert
  3027 | D        | Reached skill level 19 in Spellcasting
  3158 | D        | Noticed a death yak
  3159 | D        | Noticed a death yak
  3163 | D        | Noticed a death yak
  3163 | D        | Killed a death yak
  3164 | D        | Killed a death yak
  3165 | D        | Noticed a death yak
  3165 | D        | Killed a death yak
  3168 | D        | Killed a death yak
  3168 | D        | Offered knowledge of Freezing Cloud by Vehumet.
  3449 | D        | Learned a level 6 spell: Freezing Cloud
  3452 | D        | Reached skill level 20 in Spellcasting
  3452 | D        | Reached XP level 12. HP: 73/73 MP: 38/38
  3458 | D        | Noticed an azure jelly
  3458 | D        | Noticed an azure jelly
  3464 | D        | Noticed an anaconda
  3469 | D        | Killed an anaconda
  3469 | D        | Reached skill level 1 in Air Magic
  3471 | D        | Reached skill level 5 in Earth Magic
  3489 | D        | Noticed an anaconda
  3493 | D        | Noticed an anaconda
  3498 | D        | Killed an anaconda
  3500 | D        | HP: 3/73 [anaconda (3)]
  3501 | D        | Killed an anaconda
  3501 | D        | Offered knowledge of Poison Arrow by Vehumet.
  4035 | D        | Offered knowledge of Iron Shot by Vehumet.
  4100 | D        | Noticed a nagaraja
  4100 | D        | Noticed a naga warrior
  4108 | D        | Killed a nagaraja
  4108 | D        | Reached skill level 10 in Ice Magic
  4113 | D        | Killed a naga warrior
  4135 | D        | Learned a level 6 spell: Iron Shot
  4137 | D        | Found Ceve's Antique Weapon Boutique.
  4137 | D        | Found Tizic's Jewellery Emporium.
  4143 | D        | Found Eskuj's Distillery.
  4410 | D        | Offered knowledge of Spellforged Servitor by Vehumet.
  4410 | D        | Reached skill level 21 in Spellcasting
  4419 | D        | Got a serpentine rune of Zot
  4462 | D        | Lost mutation: You evolve. [end of evolution]
  4496 | D        | Noticed an azure jelly
  4496 | D        | Noticed an azure jelly
  4497 | D        | Noticed a dire elephant
  4497 | D        | Noticed a dire elephant
  4497 | D        | Noticed Gastronok
  4500 | D        | Killed a dire elephant
  4501 | D        | Killed Gastronok
  4501 | D        | Reached skill level 5 in Air Magic
  4511 | D        | Killed a dire elephant
  4890 | D        | Found Zafovvi's Jewellery Boutique.
  4895 | D        | Offered knowledge of Fire Storm by Vehumet.
  4895 | D        | Offered knowledge of Glaciate by Vehumet.
  4895 | D        | Offered knowledge of Tornado by Vehumet.
  4895 | D        | Reached XP level 13. HP: 44/80 MP: 35/40
  5029 | D        | Bought the ring of Truth {Ice *Contam MR+ Int+10} for 583 gold pieces
  5029 | D        | Bought a +4 amulet of reflection for 297 gold pieces
  5251 | D        | Bought a potion of brilliance for 44 gold pieces
  5251 | D        | Bought a potion of haste for 110 gold pieces
  5251 | D        | Bought a potion of curing for 33 gold pieces
  5251 | D        | Bought a potion of curing for 33 gold pieces
  5251 | D        | Bought a potion of haste for 110 gold pieces
  5251 | D        | Bought a potion of curing for 33 gold pieces
  5404 | D        | Reached skill level 22 in Spellcasting
  5409 | D        | Noticed a deep elf demonologist
  5412 | D        | Noticed a deep elf demonologist
  5426 | D        | Gained mutation: You are clumsy. (Dex -2) [a neqoxec]
  5600 | D        | Noticed a deep elf annihilator
  5602 | D        | Noticed a deep elf death mage
  5604 | D        | Killed a deep elf annihilator
  5881 | D        | Killed a deep elf demonologist
  5882 | D        | Noticed a Hell Sentinel
  5882 | D        | Killed a deep elf demonologist
  5883 | D        | Noticed a deep elf master archer
  5884 | D        | Killed a deep elf master archer
  5936 | D        | Killed a deep elf death mage
  5941 | D        | Killed a ghostly deep elf master archer
  6005 | D        | Got a bound golden ring
  6018 | D        | Got a fine lapis lazuli ring
  6026 | D        | Identified Acaawuesch's Collected Works on Bewitchment
  6031 | D        | Got a blackened longbow
  6127 | D        | Identified the ring "Arodgh Kory" {rPois AC+4 Str+4 Int+2} (You took it off a deep elf master archer in the Dungeon)
  6129 | D        | Identified the ring of Compassion {*Drain +Inv rElec rC+ MP+9} (You found it in the Dungeon)
  6322 | D        | Learned a level 9 spell: Fire Storm
  6401 | D        | Noticed Sigmund
  6401 | D        | Noticed Edmund
  6403 | D        | Killed from afar by Sigmund

Vault maps used:
D:        dungeon_sprint_mu

Skill      XL: |  1  2  3  4  5  6  7  8  9 10 11 12 13 |
---------------+----------------------------------------+-----
Spellcasting   | 4 6 9 13 14 15 17 18 20 21 22 | 22.7
Conjurations   | 2 3 5 8 9 10 11 12 14 | 14.7
Fire Magic     | 4 6 9 10 11 12 13 14 | 14.8
Fighting       | 2 3 5 6 7 9 |  9.9
Short Blades   | 2 4 6 7 9 |  9.1
Armour         | 2 3 5 6 7 9 |  9.9
Dodging        | 4 6 7 9 11 | 11.3
Ice Magic      | 1 4 6 9 10 11 | 11.8
Earth Magic    | 4 7 9 |  9.5
Air Magic      | 5 7 |  7.5
Stealth        | |  2.4

Action                   |  1- 3 |  4- 6 |  7- 9 | 10-12 | 13-15 || total
-------------------------+-------+-------+-------+-------+-------++-------
Melee: Dagger            |       |       |     1 |    14 |     4 ||    19
 Cast: Flame Tongue      |    27 |     8 |    55 |     7 |     6 ||   103
       Conjure Flame     |     1 |       |     3 |     2 |     2 ||     8
       Sticky Flame      |       |     3 |     7 |     5 |     1 ||    16
       Inner Flame       |       |       |     8 |       |       ||     8
       Fireball          |       |       |     4 |     5 |     6 ||    15
       Bolt of Fire      |       |       |       |    49 |     6 ||    55
       Throw Icicle      |       |       |       |    22 |       ||    22
       Bolt of Magma     |       |       |       |     1 |       ||     1
       Freezing Cloud    |       |       |       |     7 |     2 ||     9
       Iron Shot         |       |       |       |       |    10 ||    10
 Abil: Blink             |       |       |       |       |    13 ||    13
  Use: Scroll            |     2 |     2 |       |     2 |       ||     6
       Potion            |     2 |       |       |     4 |       ||     6
 Stab: Sleeping          |       |       |       |     3 |       ||     3
  Eat: Chunk             |       |       |     2 |     5 |     1 ||     8
       Royal jelly       |       |       |     1 |     2 |     3 ||     6
Armor: Robe              |       |     2 |     2 |       |       ||     4
Dodge: Dodged            |     7 |     8 |    16 |    39 |     4 ||    74

Table legend:
 A = Spawn XP
 B = Non-spawn XP
 C = Spawn XP percentage of total XP
 D = Spawn monster count
 E = Non-spawn monster count
 F = Spawn count percentage of total count
 G = Total turns spent on level
                    A         B        C        D         E        F      G
               +---------+---------+-------+---------+---------+-------+---------
         Total |       0 |   52118 |   0.0 |       0 |     145 |   0.0 |  6403
               +---------+---------+-------+---------+---------+-------+---------
             D |       0 |   52118 |   0.0 |       0 |     145 |   0.0 |  6403
               +---------+---------+-------+---------+---------+-------+---------
